 Dungeon Crawl Stone Soup version 0.29.1-2-gbd0b4ee654 (webtiles) character file.

Game seed: 14013384858541954973

1052 DildoBatman the Magician (level 8, -1/58 HPs)
             Began as a Formicid Conjurer on Nov 21, 2022.
             Was an Initiate of Kikubaaqudgha.
             Slain by a lemure (6 damage)
             ... led by Pikel
             ... on level 4 of the Dungeon.
             The game lasted 00:11:57 (4969 turns).

DildoBatman the Magician (Formicid Conjurer)        Turns: 4969, Time: 00:11:57

Health: -1/58      AC:  4    Str: 11    XL:     8   Next: 51%
Magic:  2/18       EV: 11    Int: 21    God:    Kikubaaqudgha [......]
Gold:   276        SH:  0    Dex: 12    Spells: 17/20 levels left

rFire   + . .      SeeInvis +   b - +0 rapier (venom)
rCold   . . .      Faith    .   (no shield)
rNeg    . . .      Spirit   .   C - +0 leather armour {rF+}
rPois   .          Reflect  .   (helmet unavailable)
rElec   .          Harm     .   i - +0 cloak
rCorr   .          Rampage  .   (no gloves)
Will    .....                   (no boots)
Stlth   ++........              (no amulet)
HPRegen 0.19/turn               (no ring)
MPRegen 0.16/turn               (no ring)

@: no status effects
A: permanent stasis, dig shafts and tunnels, antennae 3, four strong arms
a: Dig, Shaft Self, Renounce Religion


You were on level 4 of the Dungeon.
You worshipped Kikubaaqudgha.
Kikubaaqudgha was noncommittal.
You visited 2 branches of the dungeon, and saw 6 of its levels.

You collected 276 gold pieces.

Inventory:

Hand Weapons
 a - a +0 sling
 b - a +0 rapier of venom (weapon)
Missiles
 e - 35 stones
 t - 2 boomerangs
 v - 7 poisoned darts
Armour
 i - a +0 cloak (worn)
 C - a +0 leather armour of fire resistance (worn)
Magical Staves
 q - a staff of cold
 x - a staff of fire
Jewellery
 f - a ring of ice
Wands
 y - a wand of iceblast (8)
Scrolls
 c - 3 scrolls of silence
 d - a scroll of brand weapon {unknown}
 h - 2 scrolls of magic mapping {unknown}
 k - a scroll of noise {unknown}
 l - 2 scrolls of teleportation {unknown}
 n - 2 scrolls of immolation
 r - a scroll of summoning
 s - a scroll of blinking {unknown}
 w - a scroll of enchant weapon {unknown}
 z - 2 scrolls of amnesia {unknown}
 A - 6 scrolls of fear
Potions
 g - 2 potions of haste {unknown}
 j - 4 potions of magic
 p - 3 potions of curing {unknown}
 u - 2 potions of mutation {unknown}
 B - 2 potions of degeneration {unknown}


   Skills:
 - Level 3.0 Fighting
 - Level 3.0 Armour
 - Level 2.0 Dodging
 - Level 2.4 Stealth
 * Level 6.8 Spellcasting
 - Level 6.0 Conjurations


You had 17 spell levels left.
You knew the following spells:

 Your Spells              Type           Power      Damage    Failure   Level
a - Searing Ray           Conj           64%        2d6       1%          2
c - Magic Dart            Conj           100%       1d8       1%          1

Your spell library contained the following spells:

 Spells                   Type           Power      Damage    Failure   Level
 Dazzling Flash           Conj/Hex       38%        N/A       10%         3
 Apportation              Tloc           14%        N/A       12%         1
 Sting                    Tmut/Pois      28%        1d4       12%         1
 Summon Small Mammal      Summ           28%        N/A       12%         1
 Poisonous Vapours        Pois/Air       14%        N/A       17%         2
 Fulminant Prism          Conj/Hex       9%         3d7       32%         4
 Iskenderun's Mystic Bla  Conj/Tloc      19%        2d6       32%         4
 Call Canine Familiar     Summ           7%         N/A       34%         3
 Gell's Gravitas          Tloc           7%         N/A       34%         3
 Lesser Beckoning         Tloc           7%         N/A       34%         3
 Portal Projectile        Hex/Tloc       14%        N/A       34%         3
 Summon Guardian Golem    Hex/Summ       7%         N/A       34%         3
 Teleport Other           Tloc           7%         N/A       34%         3
 Leda's Liquefaction      Hex/Erth       3%         N/A       75%         4
 Olgreb's Toxic Radiance  Pois           7%         N/A       75%         4
 Agony                    Necr           7%         N/A       97%         5
 Alistair's Intoxication  Tmut/Pois      4%         N/A       97%         5
 Silence                  Hex/Air        3%         N/A       97%         5


Dungeon Overview and Level Annotations

Branches:
Dungeon (5/15)             Temple (1/1) D:5

Altars:
Cheibriados
Dithmenos
Elyvilon
Gozag
Kikubaaqudgha
Makhleb
Nemelex Xobeh
Qazlal
Ru
Sif Muna
Trog
Uskayaw
Wu Jian
Xom
Yredelemnul

Annotations:
D:2 Sigmund
D:5 1 exclusion, Dowan, Duvessa, Pikel


Innate Abilities, Weirdness & Mutations

You cannot be hasted, slowed, berserked, paralysed or teleported.
You can dig through walls and to a lower floor.
You have a pair of large antennae on your head. (SInv)
Your four strong arms can wield two-handed weapons with a shield.


Message History

The searing ray hits the lemure!
You kill the lemure!
That felt strangely unrewarding.
You finish channelling your searing ray.
The lemure hits you.
Casting: Searing Ray (safe; 1% risk of failure)
Confirm with . or Enter, or press ? or * to list all spells.
Aiming: Searing Ray (safe; 1% risk of failure)
Press: ? - help, Shift-Dir - straight line, f - lemure
Aim: a lemure (76% to hit)
The searing ray hits the lemure!
The lemure is moderately wounded. (Press . to maintain the ray.)
The lemure hits you but does no damage.
The searing ray hits the lemure!
The lemure is severely wounded.
The lemure closely misses you.
The searing ray hits the lemure.
The lemure is severely wounded.
The lemure closely misses you.
The searing ray hits the lemure.
The lemure is almost dead.
You finish channelling your searing ray.
The lemure hits you.
Casting: Searing Ray (safe; 1% risk of failure)
Confirm with . or Enter, or press ? or * to list all spells.
Aiming: Searing Ray (safe; 1% risk of failure)
Press: ? - help, Shift-Dir - straight line, f/p - lemure
Aim: a lemure (almost dead, 76% to hit)
The searing ray hits the lemure.
The lemure is almost dead. (Press . to maintain the ray.)
The lemure barely misses you.
The searing ray misses the lemure.
The lemure hits you.
The searing ray hits the lemure.
The lemure is almost dead.
The lemure hits you.
You die...
Kikubaaqudgha rasps: "You have failed me!
Welcome... death!"

..####.######...##............#
..####.# ##[.#####.#.#.#.#.#
....##.# #..# #.#.....#.#
.##.##.# #..#########..##.#
.##.##.# ##....##...###.##.#
.##.##.# ##...###8.>.8##.##.#
.......# ##.....#.......#.##.#
###..### ##.....5....8.>.#....#
###...####......@#.......#.####
...#.....'.......##8.<.8##.#
#.###.####........##...##..#####
.## ##.# ##.......######.......#
#.###.## ##.....## #.###.###.#
##.#.## ##...## #.# #.###.#
##.## ##'## #.# #..##.# #.# #.#
#.# ##.##.# ##.## ######.### #.#
#.##.#


You could see a lemure.

Vanquished Creatures
  Prince Ribbit (D:5)
  Eustachio (D:5)
  A black bear (D:5)
  2 lemures
  A scorpion (D:5)
  2 howler monkeys
  2 jellies
  5 hounds
  An orc priest (D:4)
  An orc wizard (D:4)
  2 iguanas
  7 gnolls
  2 adders
  2 ufetubi (D:5)
  2 worms
  4 dart slugs
  6 orcs
  10 ball pythons
  7 endoplasms
  5 giant cockroaches
  6 goblins
  2 hobgoblins
  3 jackals (D:3)
  4 quokkas
  6 bats
  2 frilled lizards
  6 kobolds
  5 rats (D:3)
98 creatures vanquished.

Notes
Turn   | Place    | Note
-------+----------+-------------------------------------------
     0 | D:1      | DildoBatman the Formicid Conjurer began the quest for the
                  | Orb.
     0 | D:1      | Reached XP level 1. HP: 13/13 MP: 3/3
   197 | D:1      | Reached XP level 2. HP: 19/19 MP: 3/5
   200 | D:1      | Learned a level 2 spell: Searing Ray
   484 | D:1      | Found a faded altar of an unknown god.
   690 | D:2      | Reached XP level 3. HP: 22/24 MP: 6/6
  1104 | D:2      | Reached XP level 4. HP: 30/30 MP: 4/7
  1388 | D:2      | Reached skill level 5 in Conjurations
  1626 | D:3      | Reached XP level 5. HP: 35/35 MP: 8/8
  1650 | D:3      | Noticed Sigmund
  2706 | D:4      | Reached XP level 6. HP: 27/42 MP: 0/9
  3038 | D:4      | Reached skill level 1 in Armour
  3039 | D:4      | Reached skill level 1 in Fighting
  3531 | D:4      | Reached XP level 7. HP: 19/50 MP: 3/11
  3883 | D:5      | Entered Level 5 of the Dungeon
  4327 | D:5      | Noticed Prince Ribbit
  4349 | D:5      | Found a staircase to the Ecumenical Temple.
  4353 | D:5      | Noticed Eustachio
  4366 | D:5      | Reached skill level 5 in Spellcasting
  4367 | Temple   | Entered the Ecumenical Temple
  4556 | Temple   | Became a worshipper of Kikubaaqudgha
  4588 | D:5      | Noticed a wyvern
  4614 | D:5      | Reached XP level 8. HP: 58/58 MP: 11/15
  4651 | D:5      | Killed Eustachio
  4722 | D:5      | Killed Prince Ribbit
  4741 | D:5      | Noticed Pikel
  4814 | D:5      | Noticed Duvessa
  4814 | D:5      | Noticed Dowan
  4969 | D:4      | Slain by a lemure

Illustrated notes

Levels and vault maps discovered:
D:1:      dpeg_arrival_simpleton_c, layout_rooms, basic_ecumenical_altar,
          minmay_hexomino_p4
D:2:      layout_loops_corners, minmay_misc_feat_x
D:3:      minmay_wonky_spiral, layout_basic, uniq_sigmund
D:4:      minmay_door_path, layout_loops_corners,
          hangedman_abyss_or_decor_lesser_grid, grunt_ministairs_7
D:5:      minmay_bubble_buster, layout_cave_pods, minmay_temple_entry_hall,
          uniq_duvessa, uniq_pikel, uniq_blork_the_orc, uniq_prince_ribbit1,
          uniq_eustachio
Temple:   nicolae_temple_bog_church

Skill      XL: |  1  2  3  4  5  6  7  8 |
---------------+-------------------------+-----
Conjurations   | 4 5 6 |  6.0
Dodging        | 2 |  2.0
Armour         | 2 3 |  3.0
Fighting       | 2 3 |  3.0
Spellcasting   | 3 5 6 |  6.8
Stealth        | |  2.4

Action                   |  1- 3 |  4- 6 |  7- 9 || total
-------------------------+-------+-------+-------++-------
Melee: Unarmed           |     5 |       |       ||     5
       Quarterstaff      |     4 |     3 |       ||     7
       Sling             |       |     1 |       ||     1
 Fire: Sling             |    31 |    80 |    22 ||   133
 Cast: Magic Dart        |    36 |    19 |     2 ||    57
       Searing Ray       |     6 |    21 |    22 ||    49
 Abil: Dig               |       |     2 |       ||     2
  Use: Scroll            |       |     1 |     4 ||     5
Armor: Robe              |    10 |     9 |       ||    19
       Leather armour    |       |       |     6 ||     6
Dodge: Dodged            |    24 |    38 |    18 ||    80
